 Dungeon Crawl Stone Soup version 0.30.0-29-ga12c61a403 (webtiles) character file.

Game seed: 9245491567719813470

1408 qw the Chopper (level 8, -14/51 HPs)
             Began as a Gargoyle Fighter on June 5, 2023.
             Was an Initiate of Okawaru.
             Killed from afar by a steam dragon (26 damage)
             ... with a ball of steam
             ... on level 6 of the Dungeon.
             The game lasted 00:02:53 (5295 turns).

qw the Chopper (Gargoyle Fighter)                   Turns: 5295, Time: 00:02:53

Health: -14/51     AC: 14    Str: 20 (22) XL:     8   Next: 70%
Magic:  8/8        EV: 10    Int:  9      God:    Okawaru [......]
Gold:   210        SH:  4    Dex:  7 (9)  Spells: 7/7 levels left

rFire   . . .        Y - +2 war axe
rCold   . . .        c - +0 buckler
rNeg    + . .        b - +0 scale mail
rPois   inf          j - +0 helmet
rElec   +            (no cloak)
rCorr   .            g - +0 pair of gloves
SInv    .            (no boots)
Will    .....        (no amulet) Stlth
                     (no ring)
HPRegen 0.28/turn    (no ring)
MPRegen 0.11/turn

%: no passive effects
@: weakened
A: sickness immunity, AC +5, negative energy resistance 1, electricity
resistance, torment resistance 1, petrification resistance
a: Renounce Religion


You were on level 6 of the Dungeon.
You worshipped Okawaru.
Okawaru was noncommittal.
You visited 2 branches of the dungeon, and saw 7 of its levels.

You collected 210 gold pieces.


Innate Abilities, Weirdness & Mutations

You are immune to sickness and miasma.
Your stone body is resilient. (AC +5)
You are immune to poison.
You resist negative energy. (rN+)
You are resistant to electric shocks. (rElec)
You are resistant to unholy torment.
You are immune to petrification.


   Skills:
 - Level 5.8 Fighting
 + Level 7.3 Axes
 - Level 1.0 Throwing
 - Level 3.2 Armour
 - Level 4.0 Dodging
 - Level 3.2 Shields


You had 7 spell levels left.
You didn't know any spells.
Your spell library was empty.

Inventory:

Hand Weapons
 e - a +0 flail
 Y - a +2 war axe (weapon)
Missiles
 n - 2 boomerangs (quivered)
Armour
 b - a +0 scale mail (worn)
 c - a +0 buckler (worn)
 g - a +0 pair of gloves (worn)
 h - a +0 kite shield
 j - a +0 helmet (worn)
 p - a +0 chain mail
Scrolls
 a - 2 scrolls of identify
Potions
 d - 3 potions of might
 f - 2 potions of lignification
 k - 2 potions of haste
 l - a potion of curing {unknown}
 m - a potion of attraction

Dungeon Overview and Level Annotations

Branches:
Dungeon (6/15)             Temple (1/1) D:5

Altars:
Ashenzari
Cheibriados
Dithmenos
Elyvilon
Fedhas
Gozag
Hepliaklqana
Kikubaaqudgha
Makhleb
Nemelex Xobeh
Okawaru
Qazlal
Ru
Sif Muna
Trog
Uskayaw
Vehumet
Wu Jian
Xom
Yredelemnul
Zin
The Shining One

Shops:
D:3 =

Annotations:
D:6 Prince Ribbit


Message History

You start resting.
A gnoll bouda is nearby!
5284 ||| Stepping ~*~*~tactically~*~*~ (hiding).
You start resting.
A gnoll bouda is nearby!
Things that are here:
a +0 dagger; a +0 robe; an orc corpse The gnoll bouda barks out a call to the hunt!
You hear a shout! x2
You barely miss the gnoll bouda.
The gnoll bouda is heavily wounded.
You hear a shout!
The gnoll bouda hits you with a +0 whip.
The gnoll bouda gazes fiercely through you!
You feel your attacks grow feeble.
The gnoll bouda hits you but does no damage.
5291 ||| READING scroll of teleportation.
As you read the scroll of teleportation, it crumbles to dust.
You feel strangely unstable.
The gnoll bouda barks out a call to the hunt!
You closely miss the gnoll bouda.
The gnoll bouda is heavily wounded.
The gnoll bouda barks out a call to the hunt!
You hear a shout!
You hit the gnoll bouda.
The gnoll bouda is heavily wounded.
Your surroundings suddenly seem different.
An adder comes into view.
The adder hisses angrily.
You hear an angry hiss.
Enter note:
Enter note:
Enter note: You slash the adder!
You kill the adder!
Okawaru accepts your kill.
A steam dragon comes into view.
The steam dragon breathes steam at you. The ball of steam hits you!!
Ouch! That really hurt!
You die...

### ..# #.# #
#.# ..#
#D##.#######
#.#
#.ยค@........
#.#
#####.######
#.# .# #.# .#
#.# .#
######.## .#
#........ .#
#.####.## .#
#.# #.#


You could see a steam dragon (catching breath).

Vanquished Creatures
  An oklob plant (D:3)
  A wyvern (D:6)
  A black bear (D:4)
  A bullfrog (D:5)
  2 kobold brigands
  An orc priest (D:5)
  3 hounds
  Natasha (thrice) (D:3)
  2 iguanas (D:5)
  An orc wizard (D:6)
  8 gnolls
  15 adders
  A shadow imp (D:6)
  4 worms
  3 dart slugs
  12 orcs
  3 ball pythons
  6 bats
  5 endoplasms
  5 giant cockroaches
  7 goblins
  3 hobgoblins
  2 quokkas (D:4)
  8 frilled lizards
  15 kobolds
  8 rats
121 creatures vanquished.

Notes
Turn   | Place    | Note
-------+----------+-------------------------------------------
     0 | D:1      | qw the Gargoyle Fighter began the quest for the Orb.
     0 | D:1      | Reached XP level 1. HP: 14/14 MP: 1/1
     0 | D:1      | 0 ||| qw: Version: 0.2-a-108-gee2c290
     0 | D:1      | 0 ||| qw: Game counter: 1447
     0 | D:1      | 0 ||| qw: Always use a shield: true
     0 | D:1      | 0 ||| qw: God list: Okawaru
     0 | D:1      | 0 ||| qw: Allow faded altars: false
     0 | D:1      | 0 ||| qw: Do Orc after D:15 true
     0 | D:1      | 0 ||| qw: Do second Lair branch before Depths: true
     0 | D:1      | 0 ||| qw: Lair rune preference: random
     0 | D:1      | 0 ||| qw: Plans: Normal, Zot:1-4, Slime:5, God:TSO, Crypt,
                  | Tomb, Abyss, Pan, Hells, Win
     0 | D:1      | 0 ||| PLANNING D:1-11
   109 | D:1      | Reached skill level 2 in Axes
   192 | D:1      | Reached XP level 2. HP: 19/19 MP: 2/2
   464 | D:1      | 464 ||| Stepping ~*~*~tactically~*~*~ (hiding).
   475 | D:1      | Reached skill level 3 in Axes
   917 | D:1      | 917 ||| READING 2 scrolls labelled WIT WEEFRUSUM.
   922 | D:1      | 922 ||| READING 2 scrolls labelled QAPRAABYOT.
   923 | D:1      | 923 ||| READING scroll of enchant weapon.
   923 | D:1      | 923 ||| ENCHANTING +1 war axe.
   924 | D:1      | 924 ||| READING 3 scrolls labelled TIPSIT HOLOG.
   925 | D:1      | 925 ||| READING 3 scrolls labelled ACROIQ JOSOLOM.
   926 | D:1      | 926 ||| DRINKING 2 red potions.
   927 | D:1      | 927 ||| DRINKING 2 viscous golden potions.
   928 | D:1      | 928 ||| DROPPING 2 scrolls of vulnerability.
   929 | D:1      | 929 ||| DROPPING 2 scrolls of immolation.
   954 | D:2      | 954 ||| Stepping ~*~*~tactically~*~*~ (hiding).
   963 | D:2      | 963 ||| STAIRDANCE
   968 | D:1      | Reached XP level 3. HP: 21/23 MP: 3/3
   984 | D:2      | 984 ||| STAIRDANCE
  1055 | D:2      | 1055 ||| Stepping ~*~*~tactically~*~*~ (hiding).
  1066 | D:2      | Reached XP level 4. HP: 26/28 MP: 4/4
  1102 | D:2      | 1102 ||| Stepping ~*~*~tactically~*~*~ (hiding).
  1290 | D:2      | Reached skill level 4 in Axes
  1380 | D:2      | 1380 ||| Stepping ~*~*~tactically~*~*~ (stealth).
  1412 | D:2      | Reached XP level 5. HP: 32/32 MP: 5/5
  1655 | D:2      | 1655 ||| DROPPING +1 heavy mace.
  1995 | D:2      | 1995 ||| UPGRADING to +0 pair of gloves.
  2000 | D:2      | 2000 ||| READING scroll labelled WOTOH PECUNEGH.
  2001 | D:2      | 2001 ||| READING scroll labelled JURCHI HAIHA.
  2002 | D:2      | 2002 ||| READING scroll labelled YJOSAT HUDAB.
  2057 | D:3      | Found Etoddit's Jewellery Boutique.
  2061 | D:3      | 2061 ||| SHOPLISTING +4 ring of slaying (858 gold, have
                  | 55).
  2061 | D:3      | 2061 ||| SHOPLISTING amulet of faith (440 gold, have 55).
  2061 | D:3      | 2061 ||| SHOPLISTING ring of Dosabbio {rPois rC+} (398
                  | gold, have 55).
  2061 | D:3      | 2061 ||| SHOPLISTING ring of positive energy (220 gold,
                  | have 55).
  2061 | D:3      | 2061 ||| SHOPLISTING ring of protection from fire (275
                  | gold, have 55).
  2061 | D:3      | 2061 ||| SHOPLISTING ring of willpower (275 gold, have 55).
  2259 | D:3      | Noticed Natasha
  2266 | D:3      | Killed Natasha
  2267 | D:3      | Reached skill level 5 in Axes
  2329 | D:3      | Noticed Natasha
  2330 | D:3      | 2330 ||| Stepping ~*~*~tactically~*~*~ (stealth).
  2337 | D:3      | Killed Natasha
  2388 | D:3      | 2388 ||| Stepping ~*~*~tactically~*~*~ (stealth).
  2422 | D:3      | Found a blossoming altar of Fedhas.
  2435 | D:3      | Noticed an oklob plant
  2451 | D:3      | HP: 1/33 [oklob plant/splash of acid (20)]
  2452 | D:3      | 2452 ||| READING scroll of teleportation.
  2453 | D:3      | 2453 ||| DRINKING 2 potions of heal wounds.
  2488 | D:3      | Noticed Natasha
  2489 | D:3      | 2489 ||| Stepping ~*~*~tactically~*~*~ (hiding).
  2498 | D:3      | Killed Natasha
  2499 | D:3      | Reached XP level 6. HP: 26/38 MP: 6/6
  2680 | D:3      | 2680 ||| UPGRADING to +0 helmet.
  2698 | D:3      | HP: 5/38 [oklob plant/splash of acid (12)]
  2699 | D:3      | 2699 ||| DRINKING potion of heal wounds.
  2711 | D:3      | Killed an oklob plant
  2712 | D:3      | Reached XP level 7. HP: 28/43 MP: 7/7
  2895 | D:3      | Found a faded altar of an unknown god.
  3100 | D:4      | 3100 ||| Stepping ~*~*~tactically~*~*~ (stealth).
  3102 | D:4      | 3102 ||| Stepping ~*~*~tactically~*~*~ (stealth).
  3103 | D:4      | 3103 ||| Stepping ~*~*~tactically~*~*~ (stealth).
  3177 | D:4      | 3177 ||| Stepping ~*~*~tactically~*~*~ (hiding).
  3499 | D:4      | Reached skill level 6 in Axes
  3508 | D:4      | 3508 ||| FLEEEEING.
  3509 | D:4      | 3509 ||| FLEEEEING.
  3511 | D:4      | 3511 ||| FLEEEEING.
  3679 | D:4      | Reached XP level 8. HP: 48/48 MP: 8/8
  3717 | D:4      | 3717 ||| READING scroll labelled NIRYR AVIMOASO.
  3718 | D:4      | 3718 ||| READING scroll labelled ZOUNIM DODO.
  3819 | D:4      | 3819 ||| READING scroll labelled NEZAEL TID.
  3820 | D:4      | 3820 ||| DRINKING 3 sedimented green potions.
  3853 | D:4      | 3853 ||| DRINKING 2 sedimented cyan potions.
  3854 | D:4      | 3854 ||| DROPPING potion of degeneration.
  3871 | D:5      | Entered Level 5 of the Dungeon
  3922 | D:5      | Found a bloodstained altar of Trog.
  4024 | D:5      | 4024 ||| Stepping ~*~*~tactically~*~*~ (hiding).
  4039 | D:5      | 4039 ||| Stepping ~*~*~tactically~*~*~ (stealth).
  4041 | D:5      | 4041 ||| Stepping ~*~*~tactically~*~*~ (hiding).
  4042 | D:5      | 4042 ||| Stepping ~*~*~tactically~*~*~ (stealth).
  4043 | D:5      | 4043 ||| Stepping ~*~*~tactically~*~*~ (hiding).
  4045 | D:5      | 4045 ||| Stepping ~*~*~tactically~*~*~ (stealth).
  4104 | D:5      | Found a stormy altar of Qazlal.
  4173 | D:5      | 4173 ||| Stepping ~*~*~tactically~*~*~ (stealth).
  4185 | D:5      | Reached skill level 7 in Axes
  4197 | D:5      | 4197 ||| FLEEEEING.
  4198 | D:5      | 4198 ||| FLEEEEING.
  4199 | D:5      | 4199 ||| FLEEEEING.
  4200 | D:5      | 4200 ||| FLEEEEING.
  4201 | D:5      | 4201 ||| FLEEEEING.
  4203 | D:5      | 4203 ||| FLEEEEING.
  4204 | D:5      | 4204 ||| FLEEEEING.
  4205 | D:5      | 4205 ||| FLEEEEING.
  4206 | D:5      | 4206 ||| FLEEEEING.
  4302 | D:5      | Found a basalt altar of Yredelemnul.
  4435 | D:5      | Found a shimmering altar of Xom.
  4435 | D:5      | Found an ancient bone altar of Kikubaaqudgha.
  4630 | D:5      | Found a staircase to the Ecumenical Temple.
  4631 | D:5      | 4631 ||| PLANNING TEMPLE
  4631 | D:5      | 4631 ||| DROPPING ring of flight.
  4632 | D:5      | 4632 ||| DRINKING 2 pink potions.
  4633 | D:5      | 4633 ||| READING 3 scrolls of identify.
  4633 | D:5      | 4633 ||| IDENTIFYING metallic clear potion
  4634 | D:5      | 4634 ||| DROPPING potion of invisibility.
  4640 | Temple   | Entered the Ecumenical Temple
  4797 | Temple   | 4797 ||| PLANNING OKAWARU WORSHIP
  4810 | Temple   | Became a worshipper of Warmaster Okawaru
  4810 | Temple   | 4810 ||| PLANNING D:1-11
  4974 | D:6      | Noticed a wyvern
  4979 | D:6      | Killed a wyvern
  5186 | D:6      | 5186 ||| Stepping ~*~*~tactically~*~*~ (stealth).
  5211 | D:6      | Reached skill level 1 in Throwing
  5241 | D:6      | Noticed Prince Ribbit
  5245 | D:6      | 5245 ||| Stepping ~*~*~tactically~*~*~ (hiding).
  5246 | D:6      | 5246 ||| Stepping ~*~*~tactically~*~*~ (hiding).
  5268 | D:6      | HP: 10/51 [gnoll/+0 spear[a gnoll bouda] (4)]
  5269 | D:6      | 5269 ||| READING 2 scrolls of teleportation.
  5269 | D:6      | HP: 1/51 [gnoll/+0 spear[a gnoll bouda] (4)]
  5270 | D:6      | 5270 ||| DRINKING potion of heal wounds.
  5284 | D:6      | 5284 ||| Stepping ~*~*~tactically~*~*~ (hiding).
  5290 | D:6      | HP: 10/51 [gnoll bouda/+0 whip (6)]
  5291 | D:6      | 5291 ||| READING scroll of teleportation.
  5295 | D:6      | Killed from afar by a steam dragon

Levels and vault maps discovered:
D:1:      saegor_arrival_fortress, layout_loops_ring, minivault_11,
          minmay_split_cup_small
D:2:      layout_loops_ring, serial_bayou, serial_bayou_shore_b,
          serial_bayou_pond_d, serial_bayou_lagoon_b, serial_bayou_pond_d,
          serial_bayou_shore_b
D:3:      layout_basic, tgw_fedhas, serial_shops, nicolae_shop_gaudy_bauble,
          dilly_ecumenical_altar_fadedgnrine, uniq_natasha
D:4:      layout_cave_pools, minmay_misc_feat_pillars, minmay_stone_trees_small,
          lexackson_kobold_supper
D:5:      layout_basic, mainiacjoe_overflow_alcove_4,
          mainiacjoe_overflow_divided_tiny, grunt_qazlal_clouds,
          lemuel_round_altar, minmay_temple_entry_enclosed_plants
D:6:      layout_loops_ring, uniq_prince_ribbit1
Temple:   nicolae_temple_slightly_damp_pantheon

Skill      XL: |  1  2  3  4  5  6  7  8 |
---------------+-------------------------+-----
Axes           | 2 3 4 5 6 7 |  7.3
Fighting       | 4 5 |  5.8
Dodging        | 4 |  4.0
Throwing       | 1 |  1.0
Armour         | |  3.2
Shields        | |  3.2

Action                     |  1- 3 |  4- 6 |  7- 9 || total
---------------------------+-------+-------+-------++-------
  Melee: War axe           |    82 |   141 |   166 ||   389
  Throw: Boomerang         |       |       |    35 ||    35
    Use: Scroll            |     5 |     4 |     6 ||    15
         Potion            |     2 |     2 |     4 ||     8
 Armour: Scale mail        |    49 |    50 |   102 ||   201
  Dodge: Dodged            |    39 |    38 |    85 ||   162
  Block: Buckler           |    12 |    17 |    31 ||    60

Table legend:
 A = Non-vault XP
 B = Vault XP
 C = Vault XP percentage of total XP
 D = Non-vault monster count
 E = Vault monster count
 F = Vault count percentage of total count
                 A         B        C        D         E       F
            +---------+---------+-------+---------+---------+-------
      Total |    1355 |     657 |  32.7 |     108 |      13 |  10.7
            +---------+---------+-------+---------+---------+-------
        D:1 |      45 |       4 |   8.2 |      19 |       3 |  13.6
        D:2 |     143 |       0 |   0.0 |      22 |       0 |   0.0
        D:3 |     100 |     557 |  84.8 |      15 |       2 |  11.8
        D:4 |     259 |      96 |  27.0 |      22 |       8 |  26.7
        D:5 |     399 |       0 |   0.0 |      16 |       0 |   0.0
        D:6 |     409 |       0 |   0.0 |      14 |       0 |   0.0
            +---------+---------+-------+---------+---------+-------
